 Dungeon Crawl Stone Soup version 0.26.0-10-g1f06aea511 (webtiles) character file.

Game seed: 11589112555745062452

13 dohliylev the Shield-Bearer (level 2, -23/28 HPs)
             Began as a Gargoyle Fighter on Jan 17, 2021.
             Killed from afar by a bat (29 damage)
             ... with an exploding inner flame
             ... on level 3 of the Dungeon.
             The game lasted 00:02:56 (920 turns).

dohliylev the Shield-Bearer (Gargoyle Fighter)       Turns: 920, Time: 00:02:58

Health: -23/28     AC: 21    Str: 19    XL:     2   Next: 37%
Magic:  2/2        EV:  2    Int:  8    God:
Gold:   47         SH:  9    Dex:  9    Spells: 1/1 levels left

rFire    . . .     SeeInvis .   a - +1 flail
rCold    . . .     Faith    .   c - +0 kite shield
rNeg     + + +     Spirit   .   (armour currently unavailable)
rPois    ∞         Reflect  .   (helmet currently unavailable)
rElec    .         Harm     .   (cloak currently unavailable)
rCorr    .         Rampage  .   (gloves currently unavailable)
Will     .....     NoTele   +   (boots currently unavailable)
Stlth    +.........             (no amulet)
HPRegen  0.09/turn              (no ring)
MPRegen  0.08/turn              (no ring)

@: tree-form, hasted, very quick
A: negative energy resistance 1, petrification resistance, miasma immunity, AC
+2
a: no special abilities


You were on level 3 of the Dungeon.
You were a tree.
You visited 1 branch of the dungeon, and saw 3 of its levels.

You collected 47 gold pieces.

Inventory:

Hand Weapons
 a - a +1 flail (weapon)
Armour
 c - a +0 kite shield (worn)
 g - a cursed +0 chain mail (melded)
Scrolls
 b - 2 scrolls of amnesia
 e - a scroll of enchant weapon
Potions
 d - a potion of might


   Skills:
 + Level 3.5 Fighting
 + Level 2.1 Maces & Flails
 + Level 3.5 Armour
 + Level 3.5 Shields


You had one spell level left.
You didn't know any spells.
Your spell library was empty.

Dungeon Overview and Level Annotations

Branches:
Dungeon (3/15)

Altars:

Annotations:
D:2 Terence
D:3 Jessica


Innate Abilities, Weirdness & Mutations

You are resistant to torment.
((Your stone body is resilient. (AC +2)))
You are immune to poison.
You resist negative energy. (rN+)
((You are resistant to electric shocks. (rElec)))
((You can survive without breathing.))
You are immune to petrification.
You are immune to miasma.


Message History

Your cursed +0 chain mail melds into your body.
Your roots penetrate the ground.
The bat hits you but does no damage. x2
You block Jessica's attack. The bat hits you but does no damage.
Jessica hits you.
* * * LOW HITPOINT WARNING * * *
It was a potion of haste.
You feel yourself speed up.
The bat hits you but does no damage. x2; Jessica hits you but does no damage.
It was a potion of flight.
Your roots keep you in place.
You block the bat's attack. Jessica hits you but does no damage.
The bat hits you but does no damage.
It was a potion of magic.
Magic courses through your body. The bat hits you but does no damage.
Jessica hits you but does no damage. You block the bat's attack.
You sock the bat!
The bat explodes!
The fiery explosion engulfs the adder!!
The fiery explosion engulfs the leopard gecko!!
The fiery explosion engulfs you!!
Ouch! That really hurt!
You die...

.... #.# ...... #.#
......## #.# #.....#
#.# #.....# #.#
###.....######.#
.........".....####(#
........#?...B§§♣@..#
.......<..###########
..........#
..........#
....#.....# ...
#...$.# ## ##.#### ..
##.


You could see Jessica (inner flame) and a giant cockroach (inner flame).

Vanquished Creatures
  An adder (D:3)
  A leopard gecko (D:3)
  A giant cockroach (D:1)
  A goblin (D:1)
  3 hobgoblins (D:1)
  3 jackals (D:1)
  A kobold (D:1)
  2 bats
13 creatures vanquished.

Notes
Turn   | Place    | Note
-------+----------+-------------------------------------------
     0 | D:1      | dohliylev the Gargoyle Fighter began the quest for the Orb.
     0 | D:1      | Reached XP level 1. HP: 14/14 MP: 1/1
   190 | D:1      | Reached XP level 2. HP: 19/19 MP: 2/2
   879 | D:2      | Noticed Terence
   902 | D:3      | Noticed Jessica
   920 | D:3      | Killed from afar by a bat

Illustrated notes

Levels and vault maps discovered:
D:1:      dpeg_arrival_pits, layout_basic, st_stairs_14
D:2:      layout_rooms, uniq_terence
D:3:      layout_basic, grunt_dithmenos_smoke, nemelex_dance_club_becter,
          uniq_jessica

Action                   || total
-------------------------++-------
Melee: Flail             ||    53
  Use: Scroll            ||     5
       Potion            ||     4
Armor: Scale mail        ||     7
       Chain mail        ||    68
       Skin              ||    10
Dodge: Dodged            ||    34
Block: Kite shield       ||    71
